 Dungeon Crawl Stone Soup version 0.21-a0-414-gba8bdf1 (webtiles) character file.

267 karf the Shield-Bearer (level 6, -5/49 HPs)
             Began as a Formicid Fighter on Nov 2, 2017.
             Slain by an ogre
             ... wielding a +0 giant club
              (14 damage)
             ... on level 4 of the Dungeon.
             The game lasted 00:07:12 (2939 turns).

karf the Shield-Bearer (Formicid Fighter)           Turns: 2939, Time: 00:07:13

Health: -5/49      AC:  8    Str: 22    XL:     6   Next: 45%
Magic:  6/6        EV:  8    Int:  8    God:
Gold:   128        SH: 10    Dex: 10    Spells: 5/5 levels left

rFire    . . .     SeeInvis +   q - +3 quarterstaff (chaos)
rCold    . . .     Gourm    .   c - +0 shield
rNeg     . . .     Faith    .   b - +0 scale mail
rPois    .         Spirit   .   (helmet unavailable)
rElec    .         Reflect  .   x - +0 cloak
rCorr    .         Harm     .   (no gloves)
MR       .....                  (no boots)
Stlth    ..........             (no amulet)
HPRegen  0.16/turn              (no ring)
MPRegen  0.10/turn              (no ring)

@: no status effects
A: permanent stasis, dig shafts and tunnels, four strong arms, antennae 3
a: Dig, Shaft Self


You were on level 4 of the Dungeon.
You were not hungry.

You visited 1 branch of the dungeon, and saw 4 of its levels.

You collected 128 gold pieces.

Inventory:

Hand Weapons
 a - a +0 quarterstaff
 q - a +3 quarterstaff of chaos (weapon)
Armour
 b - a +0 scale mail (worn)
 c - a +0 shield (worn)
 x - a +0 cloak (worn)
Jewellery
 k - a cursed amulet of inaccuracy {unknown}
 v - a cursed ring of positive energy {unknown}
Scrolls
 e - 2 scrolls of recharging {unknown}
 i - 7 scrolls of identify {unknown}
 m - 2 scrolls of immolation {unknown}
 n - a scroll of enchant weapon {unknown}
 p - a scroll of blinking {unknown}
 u - 2 scrolls of remove curse {unknown}
Potions
 d - a potion of invisibility {unknown}
 g - 3 potions of haste {unknown}
 j - a potion of resistance {unknown}
 l - a potion of curing {unknown}
 o - 2 potions of brilliance {unknown}
 s - a potion of might
 w - a potion of degeneration {unknown}
Comestibles
 f - a bread ration
 h - 2 fruits
 r - a meat ration
 t - a royal jelly


   Skills:
 + Level 4.3 Fighting
 * Level 3.7 Staves
 + Level 4.3 Armour
 * Level 5.5 Shields


You had 5 spell levels left.
You didn't know any spells.

Dungeon Overview and Level Annotations

Branches:
Dungeon (4/15)
 Temple: D:4-7

Altars:
Ashenzari
The Shining One

Annotations:
D:3 dainius's ghost, amateur GrBe


Innate Abilities, Weirdness & Mutations

You cannot be hasted, slowed, berserked, paralysed or teleported.
You can dig through walls and to a lower floor.
Your four strong arms can wield two-handed weapons with a shield.
You have a pair of large antennae on your head. (SInv)


Message History

Found a translucent cloak.
Found a meat ration.
You barely miss the ogre. You block the ogre's attack.
You barely miss the ogre. The ogre hits you with a giant club!!
You hit the ogre. You freeze the ogre.
The ogre is moderately wounded.
The ogre barely misses you.
You thump the ogre! You freeze the ogre.
The ogre is heavily wounded.
The ogre hits you with a giant club!
There is a stone staircase leading up here.
You sock the ogre!
The ogre is almost dead.
The ogre hits you with a giant club!
* * * LOW HITPOINT WARNING * * *
All of the chunks of flesh in your inventory have rotted away.
You hit the ogre. You freeze the ogre.
The ogre is almost dead.
The ogre hits you with a giant club!
You die...

####.# #<# #....#
#.# #.#### #.#
#.# #.# #.# #.#
#.# #.# #.# #.#
#.# #.# #.# #@#
#.# #O# #.# #.#
#.######.########
{
#............[...
#...........#####
########.##.# #.#
.# #.# .


You could see an ogre.

Vanquished Creatures
  A crimson imp (D:3)
  Crazy Yiuf (D:3)
  2 orc wizards (D:3)
  3 adders
  A gnoll (D:1)
  An ooze (D:1)
  2 worms
  4 dart slugs
  2 leopard geckos
  4 orcs (D:3)
  A ball python (D:1)
  5 giant cockroaches
  9 goblins
  10 hobgoblins
  6 jackals
  A quokka (D:3)
  10 bats
  4 frilled lizards
  10 kobolds
  10 rats
87 creatures vanquished.

Notes
Turn   | Place    | Note
-------+----------+-------------------------------------------
     0 | D:1      | karf the Formicid Fighter began the quest for the Orb.
     0 | D:1      | Reached XP level 1. HP: 18/18 MP: 1/1
    42 | D:1      | Reached XP level 2. HP: 19/24 MP: 2/2
    86 | D:1      | Reached skill level 4 in Shields
    88 | D:1      | Reached XP level 3. HP: 3/30 MP: 3/3
    92 | D:1      | HP: 1/30 [kobold/stone (2)]
   413 | D:1      | Found a shattered altar of Ashenzari.
   602 | D:1      | Reached XP level 4. HP: 30/37 MP: 4/4
   836 | D:2      | Found a glowing golden altar of the Shining One.
  1699 | D:3      | Noticed dainius's ghost (amateur GrBe)
  1938 | D:3      | Reached XP level 5. HP: 41/42 MP: 5/5
  2066 | D:3      | Reached skill level 5 in Shields
  2287 | D:3      | Found a runed door.
  2291 | D:3      | Noticed Crazy Yiuf
  2300 | D:3      | Killed Crazy Yiuf
  2300 | D:3      | Reached XP level 6. HP: 17/48 MP: 6/6
  2889 | D:4      | Noticed an ogre
  2939 | D:4      | Slain by an ogre

Vault maps used:
D:1:      co_arrival_square_in_a_square_in_a_square, ashenzari_altar_1
D:2:      lemuel_round_altar, minivault_14, minmay_misc_feat_tower
D:3:      minmay_unequal, uniq_crazy_yiuf_cottage
D:4:      minmay_temple_entry_junction

Skill      XL: |  1  2  3  4  5 |
---------------+----------------+-----
Shields        | 4 5 |  5.5
Armour         | 4 |  4.3
Fighting       | 4 |  4.3
Staves         | 3 |  3.7

Action                   |  1- 3 |  4- 6 || total
-------------------------+-------+-------++-------
Melee: Quarterstaff      |    60 |   214 ||   274
 Abil: Dig               |       |     1 ||     1
  Use: Potion            |     1 |       ||     1
       Scroll            |       |     1 ||     1
 Stab: Invisible         |       |     1 ||     1
  Eat: Chunk             |       |     7 ||     7
Armor: Scale mail        |    30 |    59 ||    89
Dodge: Dodged            |    33 |    53 ||    86
Block: Shield            |    39 |    86 ||   125

Table legend:
 A = Spawn XP
 B = Non-spawn XP
 C = Spawn XP percentage of total XP
 D = Spawn monster count
 E = Non-spawn monster count
 F = Spawn count percentage of total count
 G = Total turns spent on level
                    A         B        C        D         E        F      G
               +---------+---------+-------+---------+---------+-------+---------
         Total |       0 |     382 |   0.0 |       0 |      87 |   0.0 |  2939
               +---------+---------+-------+---------+---------+-------+---------
           D:1 |       0 |      80 |   0.0 |       0 |      34 |   0.0 |   792
           D:2 |       0 |      45 |   0.0 |       0 |      19 |   0.0 |   917
           D:3 |       0 |     257 |   0.0 |       0 |      34 |   0.0 |  1153
               +---------+---------+-------+---------+---------+-------+---------
